 Dungeon Crawl Stone Soup version 0.30-a0-782-ge64f9170bb (webtiles) character file.

Game seed: 5946799226033989128

184 Flugkiller the Cutter (level 5, -10/46 (48) HPs)
             Began as a Deep Elf Chaos Knight on Feb 28, 2023.
             Was a Plaything of Xom.
             Mangled by a wight
             ... wielding a +0 battleaxe
              (17 damage)
             ... in an ossuary.
             The game lasted 00:03:13 (2967 turns).

Flugkiller the Cutter (Deep Elf Chaos Knight)       Turns: 2967, Time: 00:03:14

HP:   -10/46 (48)   AC: 22    Str:  9      XL:     5   Next: 36%
MP:   7/7           EV:  2    Int: 17      God:    Xom [...*..]
Gold: 177           SH:  0    Dex: 14 (16) Spells: 4/4 levels left

rFire   . . .      SeeInvis .    (no weapon)
rCold   . . .      Faith    .    (no shield)
rNeg    . . .      Spirit   .    (body armour currently unavailable)
rPois   +          Reflect  .    (helmet currently unavailable)
rElec   .          Harm     .    (cloak currently unavailable)
rCorr   .          Rampage  .    (gloves currently unavailable)
Will    .....      NoTele   +    (boots currently unavailable)
Stlth   ++                       (no amulet)
HPRegen 0.27/turn                (no ring)
MPRegen 0.10/turn                (no ring)

@: tree-form, lightly drained
A: stationary, stasis, torment immunity, boosted hp
a: Renounce Religion


You were in an ossuary.
You worshipped Xom.
You were a favourite toy of Xom.
You were a tree.
You visited 1 branch of the dungeon, and saw 4 of its levels.
You also visited: Ossuary.

You collected 177 gold pieces.

Inventory:

Hand Weapons
 a - a +0 short sword of chaos
Armour
 b - a +2 leather armour (melded)
 s - a +0 helmet (melded)
   (You found it on level 3 of the Dungeon)
Jewellery
 h - a ring of flight
   (You found it on level 2 of the Dungeon)
Scrolls
 d - 2 scrolls of immolation
 i - 2 scrolls of magic mapping
 k - a scroll of poison {unknown}
 l - a scroll of noise {unknown}
 n - a scroll of brand weapon {unknown}
 o - a scroll of fog {unknown}
 p - a scroll of amnesia {unknown}
 r - a scroll of torment {unknown}
 z - 2 scrolls of blinking
Potions
 e - a potion of mutation {unknown}
 f - a potion of lignification
 g - a potion of invisibility {unknown}
 j - 2 potions of flight {unknown}
 m - a potion of ambrosia {unknown}
 q - 8 potions of curing
 t - a potion of haste {unknown}
 u - a potion of cancellation {unknown}
 v - a potion of magic {unknown}
Miscellaneous
 c - a piece from Xom's chessboard (15/15) (quivered)


   Skills:
 + Level 3.2 Fighting
 - Level 4.0 Short Blades
 - Level 0.7 Armour
 - Level 4.0 Dodging
 + Level 3.3 Stealth


You had 4 spell levels left.
You didn't know any spells.
Your spell library was empty.

Dungeon Overview and Level Annotations

Branches:
Dungeon (4/15) Zot: 21125 Ossuary (1/1) Zot: 5946
 Temple: D:4-7

Altars:
Elyvilon

Annotations:
D:3 exclusion: ogre


Message History

No target in view!
No target in view!
No target in view!
No target in view!
Found a weird glowing staff.
An endoplasm comes into view.
You hear the slow hiss of an avalanche of sand.
Found a stone staircase leading up.
The endoplasm quivers.
You hit the endoplasm but do no damage. The endoplasm freezes you.
You are frozen.
You hit the endoplasm but do no damage. The endoplasm freezes you.
You are frozen.
You hit the endoplasm but do no damage.
The endoplasm hits you but does no damage.
You hit the endoplasm. You burn the endoplasm.
The endoplasm is severely wounded.
You hit the endoplasm but do no damage. You drain the endoplasm.
You kill the endoplasm!
Training target 4.0 for Dodging reached!
Your Dodging skill increases to level 4!
No target in view!
Found 11 gold pieces.
You now have 177 gold pieces (gained 11).
You open the door.
Found a sand-covered staircase.
There is an open door here.
There is a sand-covered staircase here.
The world spins around you as you enter the gateway.
You enter an ossuary!
Found a gate leading back out of this place.
There is an empty arch of ancient stone here.
Unknown command.
Okay, then.
There is an empty arch of ancient stone here.
HP restored.
You open the door.
There is an open door here.
You open the door.
A hobgoblin skeleton comes into view.
There is an open door here.
The helpless hobgoblin skeleton fails to defend itself.
You puncture the hobgoblin skeleton!
You destroy the hobgoblin skeleton!
No target in view!
No target in view!
No target in view!
No target in view!
No target in view!
No target in view!
No target in view!
No target in view!
You open the door.
A wight comes into view. It is wielding a +0 battleaxe.
The wight barely misses you.
There is an open door here.
You completely miss the wight. The wight closely misses you.
You hit the wight but do no damage. The wight barely misses you.
You barely miss the wight. The wight closely misses you.
You hit the wight but do no damage. The wight hits you with a +0 battleaxe.
You feel drained.
You hit the wight but do no damage. You hit the wight.
The wight seems to grow stronger.
The wight is lightly damaged.
The wight barely misses you.
You hit the wight but do no damage.
The wight is lightly damaged.
The wight barely misses you.
There is an open door here.
Okay, then.
Really quaff the potion of lignification?
You turn into a tree.
Your +0 helmet melds into your body.
Your +2 leather armour melds into your body.
Your roots penetrate the ground.
The wight hits you with a +0 battleaxe!!
You are now empty-handed.
You hit the wight.
The wight is heavily damaged.
The wight hits you with a +0 battleaxe!
You hit the wight but do no damage.
The wight is heavily damaged.
The wight hits you with a +0 battleaxe!
* * * LOW HITPOINT WARNING * * *
Unknown command.
You hit the wight but do no damage.
The wight is heavily damaged.
The wight hits you with a +0 battleaxe.
* * * LOW HITPOINT WARNING * * *
Unknown command.
You hit the wight.
The wight is severely damaged.
The wight hits you but does no damage.
Unknown command.
You hit the wight but do no damage.
The wight is severely damaged.
The wight hits you with a +0 battleaxe!
You die...
Xom guffaws!

...# ##......## ...##
#...####.## .∩..##
#####....#.#..# .....##
##..#..........#
......###.#............#
.∩...#...###..........##
....###### #.#.......##
..### ####.....## .##
##♣..## ## ###z###
#.'.'.# ###.### +.+ #.#
+.+ #.# +.+


You could see a wight (strong).

Vanquished Creatures
  Natasha (thrice) (D:3)
  A gnoll (D:3)
  An ufetubus (D:4)
  9 orcs (D:3)
  5 ball pythons
  2 bats (D:2)
  5 endoplasms
  2 giant cockroaches
  4 goblins
  7 hobgoblins
  4 jackals (D:4)
  2 kobolds
  2 quokkas (D:1)
  6 frilled lizards
  A hobgoblin skeleton (Ossuary)
  3 rats
57 creatures vanquished.

Vanquished Creatures (collateral kills)
  Jessica (D:3)
1 creature vanquished.

Grand Total: 58 creatures vanquished

Notes
Turn   | Place    | Note
-------+----------+-------------------------------------------
     0 | D:1      | Flugkiller the Deep Elf Chaos Knight began the quest for
                  | the Orb.
     0 | D:1      | Reached XP level 1. HP: 13/13 MP: 3/3
    43 | D:1      | You fall into a shaft and drop 1 floor!
   140 | D:1      | XOM: silly message
   144 | D:1      | Reached skill level 1 in Stealth
   144 | D:1      | Reached XP level 2. HP: 12/18 MP: 4/4
   855 | D:2      | XOM: cloud trail
   995 | D:2      | XOM: cloud trail
  1203 | D:2      | XOM: god gift: potion of curing
  1208 | D:2      | Reached XP level 3. HP: 22/22 MP: 5/5
  1690 | D:3      | XOM: 1-stop teleportation journey
  1696 | D:3      | Noticed Jessica
  1708 | D:3      | XOM: cast spell 'Monstrous Menagerie'
  1717 | D:3      | Killed Jessica
  1718 | D:3      | Reached XP level 4. HP: 10/27 MP: 6/6
  2000 | D:3      | XOM: divination: detect creatures
  2007 | D:3      | XOM: cloud trail
  2112 | D:3      | XOM: 4-stop teleportation journey
  2132 | D:3      | Noticed Natasha
  2139 | D:3      | Killed Natasha
  2238 | D:3      | Found a white marble altar of Elyvilon.
  2264 | D:3      | XOM: 7-stop teleportation journey
  2356 | D:3      | Noticed Natasha
  2368 | D:3      | Killed Natasha
  2369 | D:3      | Reached XP level 5. HP: 12/32 MP: 7/7
  2468 | D:3      | Noticed Natasha
  2478 | D:3      | Killed Natasha
  2489 | D:3      | XOM: summons 3 hostile demons
  2517 | D:2      | XOM: cloud trail
  2656 | D:3      | Noticed an ogre
  2848 | D:4      | Noticed a black bear
  2907 | D:4      | Found a sand-covered staircase.
  2912 | Ossuary  | Entered an ossuary
  2967 | Ossuary  | Mangled by a wight

Illustrated notes

Levels and vault maps discovered:
D:1:      dpeg_arrival_rhombi, layout_basic, dreamdust_princess_corridor
D:2:      layout_basic
D:3:      layout_basic, elyvilon_altar_1, uniq_natasha, uniq_jessica
D:4:      layout_cave_pools, enter_ossuary_2
Ossuary:  ossuary_due_cavern

Skill      XL: |  1  2  3  4  5 |
---------------+----------------+-----
Stealth        | 1 2 3 |  3.3
Dodging        | 3 4 |  4.0
Fighting       | 3 |  3.2
Short Blades   | 4 |  4.0
Armour         | |  0.7

Action                     |  1- 3 |  4- 6 || total
---------------------------+-------+-------++-------
  Melee: Short sword       |   121 |   103 ||   224
         Punch             |     3 |     1 ||     4
         Unarmed           |       |     5 ||     5
  Evoke: Piece from Xom's  |       |     1 ||     1
    Use: Scroll            |     3 |     1 ||     4
         Potion            |       |     2 ||     2
   Stab: Sleeping          |       |     3 ||     3
         Paralysed         |       |     1 ||     1
 Armour: Leather armour    |    25 |    36 ||    61
         Skin              |       |     1 ||     1
  Dodge: Dodged            |    76 |    72 ||   148

Table legend: (Time is in decaauts)
 A = Elapsed time spent in this place.
 B = Non-inter-level travel time spent in this place.
 C = Inter-level travel time spent in this place.
 D = Time resting spent in this place.
 E = Time spent auto-exploring this place.
 F = Levels seen in this place.
 G = Mean time per level.
                   A        B        C        D        E       F      G
               +--------+--------+--------+--------+--------+-----+--------+
         Total |   2927 |   2752 |    175 |    404 |   1766 |   5 |  585.4 |
       Dungeon |   2874 |   2699 |    175 |    404 |   1732 |   4 |  718.5 |
       Ossuary |     52 |     52 |      0 |      0 |     34 |   1 |   52.0 |
               +--------+--------+--------+--------+--------+-----+--------+

Top non-repeatable levels by time:
     D:2: 1166 daAuts
     D:3: 1068 daAuts
     D:1: 518 daAuts
     D:4: 122 daAuts
 Ossuary: 52 daAuts
